 Dungeon Crawl Stone Soup version 0.29.1-2-gbd0b4ee654 (webtiles) character file.

Game seed: 3894081108171737266

387 JayTehDuck the Sneak (level 6, 0/28 HPs)
             Began as a Spriggan Enchanter on Nov 15, 2022.
             Was an Initiate of Dithmenos.
             Slain by an iguana (11 damage)
             ... on level 5 of the Dungeon.
             The game lasted 00:13:28 (5896 turns).

JayTehDuck the Sneak (Spriggan Enchanter)           Turns: 5896, Time: 00:13:29

Health: 0/28       AC:  2    Str:  4    XL:     6   Next: 49%
Magic:  5/13       EV: 20    Int: 16    God:    Dithmenos [......]
Gold:   320        SH:  0    Dex: 20    Spells: 11/13 levels left

rFire   . . .      SeeInvis +   d - +0 dagger (venom)
rCold   + . .      Faith    .   (no shield)
rNeg    . . .      Spirit   .   b - +0 robe
rPois   +          Reflect  .   (helmet restricted)
rElec   .          Harm     .   (no cloak)
rCorr   .          Rampage  .   (gloves unavailable)
Will    +....                   (boots unavailable)
Stlth   ++++......              (no amulet)
HPRegen 0.09/turn               j - ring of the Elephant {Wiz *Corrode +Blink rC+ Dex+2}
MPRegen 0.13/turn               r - ring of poison resistance

@: very quick
A: very small, no large weapons, unfitting armour, see invisible, speed 3
a: Renounce Religion, Evoke Blink


You were on level 5 of the Dungeon.
You worshipped Dithmenos.
Dithmenos was noncommittal.
You visited 2 branches of the dungeon, and saw 6 of its levels.

You collected 320 gold pieces.

Inventory:

Hand Weapons
 a - a +1 dagger
 d - a +0 dagger of venom (weapon)
Armour
 b - a +0 robe (worn)
 e - the +1 ring mail of Faod {-Cast rCorr Str+5}
   (You found it on level 4 of the Dungeon)

   Str:       It affects your strength (+5).
   -Cast:     It prevents spellcasting.
   rCorr:     It protects you from acid and corrosion.
Jewellery
 h - a ring of fire
 j - the ring of the Elephant (left hand) {Wiz *Corrode +Blink rC+ Dex+2}
   (You took it off a kobold on level 2 of the Dungeon)

   [ring of wizardry]

   It improves your spell success rate.
   Dex:       It affects your dexterity (+2).
   rC:        It protects you from cold.
   +Blink:    It lets you blink.
   *Corrode:  It may corrode you when you take damage.
 n - a ring of positive energy
 r - a ring of poison resistance (right hand)
Wands
 q - a wand of flame (15)
 t - a wand of polymorph (6)
Scrolls
 k - a scroll of enchant armour
 o - 2 scrolls of poison
 s - 2 scrolls of vulnerability
Potions
 c - a potion of invisibility
 f - 2 potions of ambrosia
 g - 2 potions of curing {unknown}
 i - a potion of haste {unknown}
 l - a potion of heal wounds {unknown}
 m - a potion of degeneration {unknown}
 p - a potion of lignification {unknown}
 u - a potion of cancellation {unknown}
 v - a potion of flight {unknown}


   Skills:
 + Level 3.2 Short Blades
 + Level 4.7 Dodging
 + Level 6.4 Stealth
 + Level 4.4 Spellcasting
 + Level 5.1 Hexes


You had 11 spell levels left.
You knew the following spells:

 Your Spells              Type           Power      Damage    Failure   Level
a - Ensorcelled Hibernat  Hex/Ice        22%        N/A       3%          2

Your spell library contained the following spells:

 Spells                   Type           Power      Damage    Failure   Level
 Confusing Touch          Hex            20%        N/A       2%          3
 Tukima's Dance           Hex            20%        N/A       2%          3
 Beastly Appendage        Tmut           6%         N/A       6%          1
 Summon Small Mammal      Summ           12%        N/A       6%          1
 Dazzling Flash           Conj/Hex       22%        N/A       7%          3
 Portal Projectile        Hex/Tloc       22%        N/A       7%          3
 Summon Guardian Golem    Hex/Summ       11%        N/A       7%          3
 Wereblood                Tmut           3%         N/A       10%         2
 Call Canine Familiar     Summ           3%         N/A       19%         3
 Ozocubu's Armour         Ice            3%         N/A       19%         3
 Leda's Liquefaction      Hex/Erth       5%         N/A       22%         4
 Metabolic Englaciation   Hex/Ice        5%         N/A       50%         5
 Simulacrum               Ice/Necr       1%         N/A       100%        6
 Dragon Form              Tmut           1%         N/A       100%        7
 Storm Form               Tmut/Air       1%         N/A       100%        7


Dungeon Overview and Level Annotations

Branches:
Dungeon (5/15)             Temple (1/1) D:4

Altars:
Ashenzari
Dithmenos
Elyvilon
Fedhas
Gozag
Hepliaklqana
Nemelex Xobeh
Okawaru
Qazlal
Sif Muna
Vehumet
Zin


Innate Abilities, Weirdness & Mutations

You are very small and have problems with some larger weapons.
You are too small for most types of armour.
You have supernaturally acute eyesight. (SInv)
You cover ground extremely quickly. (Speed+++)


Message History

Done exploring.
Done exploring.
Why would you want to do that? Why would you want to do that?
You swing at nothing.
You swing at nothing.
There is a shadowy altar of Dithmenos here.
There is a shadowy altar of Dithmenos here.
You kneel at the altar of Dithmenos.
Dithmenos welcomes you!
Done exploring.
Done exploring.
(D) Dungeon (T) Temple
Where to? (Enter - D:4 @ (x,y), ? - help)
What level of the Dungeon? (default 1, ? - help)
There is a stone staircase leading down here.
You climb downwards.
Found 10 gold pieces.
There is a stone staircase leading up here.
You now have 320 gold pieces (gained 10).
There is a shaft here.
Found a shimmering blue altar of Sif Muna.
An iguana comes into view.
The iguana hisses angrily.
The iguana resists with significant effort.
The iguana hisses menacingly.
The iguana resists with significant effort.
The iguana resists with significant effort.
The iguana resists with significant effort.
The iguana bites you!
An iguana is nearby!
You closely miss the iguana. You hit the iguana but do no damage.
The iguana bites you!
You are too injured to fight recklessly!
You are too injured to fight recklessly!
You are too injured to fight recklessly!
You hit the iguana.
The iguana is lightly wounded.
The iguana bites you!
You die...

.....≈........#
..._.≈..♣♣....#
.....≈..♣♣....#
..≈≈≈≈..♣♣....#
........♣♣....#
........♣♣....#
...♣♣♣♣♣♣♣....#
...♣♣♣♣♣♣♣....#
.. .......@...#
.......l...#
...........#
...........#
...........#
...........#
...........#
...........#


You could see an iguana.

Vanquished Creatures
  An ogre (D:4)
  A hound (D:4)
  3 jellies
  An orc priest (D:4)
  Jessica (D:3)
  3 adders
  A white imp (D:4)
  An ufetubus (D:4)
  2 worms
  7 orcs (D:4)
  7 endoplasms
  A giant cockroach (D:4)
  7 hobgoblins
  11 jackals
  A quokka (D:2)
  3 ball pythons
  6 bats
  7 goblins
  10 kobolds
  5 rats
79 creatures vanquished.

Notes
Turn   | Place    | Note
-------+----------+-------------------------------------------
     0 | D:1      | JayTehDuck the Spriggan Enchanter began the quest for the
                  | Orb.
     0 | D:1      | Reached XP level 1. HP: 9/9 MP: 5/5
   871 | D:1      | Reached XP level 2. HP: 5/13 MP: 6/6
  1317 | D:1      | Found a faded altar of an unknown god.
  1484 | D:2      | Learned a level 2 spell: Ensorcelled Hibernation
  1586 | D:2      | Reached skill level 5 in Stealth
  1586 | D:2      | Reached XP level 3. HP: 8/16 MP: 5/8
  1944 | D:2      | Identified the ring of the Elephant {Wiz *Corrode +Blink
                  | rC+ Dex+2}
  2568 | D:3      | Reached XP level 4. HP: 13/21 MP: 10/10
  2784 | D:3      | Noticed Jessica
  2796 | D:3      | Killed Jessica
  3431 | D:3      | Found a sparkling altar of Nemelex Xobeh.
  3653 | D:3      | Reached XP level 5. HP: 9/24 MP: 11/11
  4012 | D:4      | Reached skill level 6 in Stealth
  4053 | D:4      | Reached XP level 6. HP: 8/28 MP: 13/13
  4303 | D:4      | Identified the +1 ring mail of Faod {-Cast rCorr Str+5}
  4311 | D:4      | Found a staircase to the Ecumenical Temple.
  4369 | D:4      | Found a hazy altar of Hepliaklqana.
  4490 | D:4      | Got Xidiriri's Vellum of Shaping
  4623 | D:4      | Found a white marble altar of Elyvilon.
  4663 | D:4      | Identified the +8 trident of the Little People {drain,
                  | Str+2 Stlth+}
  5010 | D:4      | Reached skill level 5 in Hexes
  5441 | D:4      | Found a shadowy altar of Dithmenos.
  5471 | D:4      | Found a stormy altar of Qazlal.
  5556 | Temple   | Entered the Ecumenical Temple
  5824 | D:4      | Became a worshipper of Dithmenos the Shadowed
  5858 | D:5      | Entered Level 5 of the Dungeon
  5873 | D:5      | Found a shimmering blue altar of Sif Muna.
  5896 | D:5      | Slain by an iguana

Illustrated notes

Levels and vault maps discovered:
D:1:      onia_arrival_mini_maze, layout_loops_cross, basic_ecumenical_altar
D:2:      layout_loops_ring, kennysheep_generic_room_14
D:3:      layout_basic, mainiacjoe_overflow_alcove_1, fountainhead,
          corexii_corridor_pit, uniq_jessica
D:4:      layout_basic, mainiacjoe_overflow_paths,
          nicolae_qazlal_general_emergency, lemuel_round_altar,
          mainiacjoe_overflow_boulevard, minmay_temple_entry_hall
D:5:      layout_gridville, mainiacjoe_overflow_chevrons,
          minmay_increasing_density
Temple:   hellmonk_temple_two_chambers

Skill      XL: |  1  2  3  4  5  6 |
---------------+-------------------+-----
Dodging        | 3 4 |  4.7
Spellcasting   | 3 4 |  4.4
Hexes          | 4 5 |  5.1
Stealth        | 5 6 |  6.4
Short Blades   | 2 3 |  3.2

Action                   |  1- 3 |  4- 6 || total
-------------------------+-------+-------++-------
Melee: Dagger            |   100 |   126 ||   226
       Punch             |       |     2 ||     2
 Cast: Ensorcelled Hiber |     1 |    16 ||    17
  Use: Potion            |       |     1 ||     1
       Scroll            |       |     5 ||     5
 Stab: Sleeping          |    11 |    12 ||    23
       Distracted        |     2 |       ||     2
Armor: Robe              |     9 |    10 ||    19
Dodge: Dodged            |    69 |    83 ||   152
